 Dungeon Crawl Stone Soup version 0.29-a0-214-g17f627cfee (console) character file.

Game seed: 7344818237496204786

36 jejorda2 the Bolt Thrower (level 3, -5/22 HPs)
             Began as a Tengu Hunter on Feb 24, 2022.
             Slain by Terence
             ... wielding a +0 mace
              (6 damage)
             ... on level 2 of the Dungeon.
             The game lasted 00:02:08 (789 turns).

jejorda2 the Bolt Thrower (Tengu Hunter)             Turns: 789, Time: 00:02:10

Health: -5/22      AC:  3    Str: 12    XL:     3   Next: 37%
Magic:  4/4        EV: 12    Int: 11    God:
Gold:   58         SH:  0    Dex: 16    Spells: 2/2 levels left

rFire   + . .      SeeInvis +   a - +1 hand crossbow
rCold   . . .      Faith    .   (no shield)
rNeg    . . .      Spirit   .   b - +0 leather armour
rPois   .          Reflect  .   (helmet restricted)
rElec   .          Harm     .   (no cloak)
rCorr   .          Rampage  .   (no gloves)
Will    .....                   (boots unavailable)
Stlth   ++........              (no amulet)
HPRegen 0.07/turn               d - ring of see invisible
MPRegen 0.09/turn               g - ring of protection from fire

@: no status effects
A: beak, talons 3
a: no special abilities


You were on level 2 of the Dungeon.
You visited 1 branch of the dungeon, and saw 2 of its levels.

You collected 58 gold pieces.

Inventory:

Hand Weapons
 a - a +1 hand crossbow (weapon)
Armour
 b - a +0 leather armour (worn)
Jewellery
 d - a ring of see invisible (left hand)
 g - a ring of protection from fire (right hand)
Scrolls
 h - 2 scrolls of identify {unknown}
 i - a scroll of fear {unknown}
 j - a scroll of teleportation {unknown}
Potions
 c - a potion of flight {unknown}
 e - a potion of brilliance {unknown}
 f - a potion of degeneration {unknown}


   Skills:
 + Level 2.3 Fighting
 * Level 4.9 Crossbows
 + Level 2.6 Dodging
 + Level 1.7 Stealth


You had 2 spell levels left.
You didn't know any spells.
Your spell library was empty.

Dungeon Overview and Level Annotations

Branches:
Dungeon (2/15)

Altars:

Annotations:
D:2 Terence


Innate Abilities, Weirdness & Mutations

You have a beak for a mouth.
You have claws for feet.


Message History

Terence is heavily wounded.
Terence barely misses you.
Shoot: a) +1 hand crossbow
Press: ? - help, Q - select action Shift-Dir - straight line, f/p - Terence
Aim: Terence, wielding a +0 mace and wearing a +0 chain mail (heavily wounded, 72% to hit)
You shoot a bolt. The bolt hits Terence.
Terence is almost dead.
Terence closely misses you.
Unknown command.
Shoot: a) +1 hand crossbow
Press: ? - help, Q - select action Shift-Dir - straight line, f/p - Terence
Aim: Terence, wielding a +0 mace and wearing a +0 chain mail (almost dead, 72% to hit)
You shoot a bolt. The bolt completely misses Terence.
Terence barely misses you. Terence hits you but does no damage.
Shoot: a) +1 hand crossbow
Press: ? - help, Q - select action Shift-Dir - straight line, f/p - Terence
Aim: Terence, wielding a +0 mace and wearing a +0 chain mail (severely wounded, 72% to hit)
You shoot a bolt.
The bolt hits Terence but does no damage.
Terence is severely wounded.
Terence closely misses you.
Unknown command.
Shoot: a) +1 hand crossbow
Press: ? - help, Q - select action Shift-Dir - straight line, f/p - Terence
Aim: Terence, wielding a +0 mace and wearing a +0 chain mail (severely wounded, 72% to hit)
You shoot a bolt. The bolt hits Terence.
Terence is almost dead.
Terence hits you with a +0 mace.
Shoot: a) +1 hand crossbow
Press: ? - help, Q - select action Shift-Dir - straight line, f/p - Terence
Aim: Terence, wielding a +0 mace and wearing a +0 chain mail (almost dead, 72% to hit)
You shoot a bolt. The bolt completely misses Terence.
Terence hits you with a +0 mace!
* * * LOW HITPOINT WARNING * * *
Shoot: a) +1 hand crossbow
Press: ? - help, Q - select action Shift-Dir - straight line, f/p - Terence
Aim: Terence, wielding a +0 mace and wearing a +0 chain mail (almost dead, 72% to hit)
You shoot a bolt. The bolt closely misses Terence.
Terence misses you. Terence hits you with a +0 mace.
You die...

..# ## #.# ..# #.# .. #.# .##
#.############...
#.......#.....##
##.............##
##.####...............#
......@@..............## #.
##.####...............## ..# ...
#................. .#.. #..
#...............## #...#....
#................# ..#...#.#
##.............#.# ..#...#...#
####...........##..
.#...#...#.###........###.......
#...#...#.......†.....#....####..


You could see Terence.

Vanquished Creatures
  2 worms (D:2)
  A ball python (D:1)
  3 bats
  An endoplasm (D:1)
  2 giant cockroaches (D:2)
  6 hobgoblins
  3 quokkas
  3 frilled lizards
  3 goblins (D:1)
  2 kobolds (D:1)
  2 rats (D:1)
28 creatures vanquished.

Notes
Turn   | Place    | Note
-------+----------+-------------------------------------------
     0 | D:1      | jejorda2 the Tengu Hunter began the quest for the Orb.
     0 | D:1      | Reached XP level 1. HP: 12/12 MP: 2/2
   291 | D:1      | Reached XP level 2. HP: 17/17 MP: 3/3
   370 | D:1      | Found a faded altar of an unknown god.
   703 | D:2      | Reached XP level 3. HP: 21/21 MP: 4/4
   776 | D:2      | Noticed Terence
   788 | D:2      | HP: 1/22 [Terence/+0 mace (7)]
   789 | D:2      | Slain by Terence

Illustrated notes

Levels and vault maps discovered:
D:1:      lightli_arrival_maybe_door_vault, layout_rooms,
          shapermc_ecumenical_altar_venn
D:2:      layout_rooms, hex_medium, uniq_terence

Action                   || total
-------------------------++-------
 Fire: Hand crossbow     ||    92
Armor: Leather armour    ||     2
Dodge: Dodged            ||    14

Table legend: (Time is in decaauts)
 A = Elapsed time spent in this place.
 B = Non-inter-level travel time spent in this place.
 C = Inter-level travel time spent in this place.
 D = Time resting spent in this place.
 E = Time spent auto-exploring this place.
 F = Levels seen in this place.
 G = Mean time per level.
                   A        B        C        D        E       F      G
               +--------+--------+--------+--------+--------+-----+--------+
         Total |    815 |    795 |     20 |      0 |    625 |   2 |  407.5 |
       Dungeon |    815 |    795 |     20 |      0 |    625 |   2 |  407.5 |
               +--------+--------+--------+--------+--------+-----+--------+

Top non-repeatable levels by time:
     D:1: 704 daAuts
     D:2: 111 daAuts
